 Dungeon Crawl Stone Soup version 0.28-a0-1396-gdcb3f3653b (webtiles) character file.

Game seed: 1031400018989043390

10976 Lekart the Thrower (level 11, 0/91 HPs)
             Began as a White Draconian Fighter on Jan 5, 2022.
             Was an Elder of Makhleb.
             Slain by a great orb of eyes (4 damage)
             ... on level 4 of the Abyss.
             The game lasted 00:29:20 (13309 turns).

Lekart the Thrower (White Draconian Fighter)       Turns: 13309, Time: 00:29:20

Health: 0/91       AC: 15    Str: 20    XL:     11   Next: 43%
Magic:  5/13       EV: 13    Int:  8    God:    Makhleb [****..]
Gold:   577        SH: 10    Dex: 12    Spells: 10/10 levels left

rFire   . . .      SeeInvis .   d - +2 morningstar (vorpal)
rCold   + . .      Faith    +   L - +0 kite shield
rNeg    + . .      Spirit   .   (armour unavailable)
rPois   +          Reflect  .   x - +2 hat
rElec   .          Harm     .   (no cloak)
rCorr   .          Rampage  .   N - +0 pair of gloves
Will    .....                   E - +0 pair of boots
Stlth   ++........              w - amulet of faith
HPRegen 0.00/turn               e - +4 ring of protection
MPRegen 0.13/turn               o - ring of positive energy

@: about to teleport, sick, studying Throwing
A: breathe frost, AC +7, unfitting armour, cold resistance 1, cold-blooded,
stinger 1, clumsy 1, mutation resistance 1, poison resistance
a: Breathe Frost, Renounce Religion, Minor Destruction, Lesser Servant of
Makhleb, Major Destruction


You were on level 4 of the Abyss.
You worshipped Makhleb.
Makhleb was greatly pleased with you.
You visited 2 branches of the dungeon, and saw 12 of its levels.
You visited the Abyss 1 time.

You collected 604 gold pieces.
You spent 27 gold pieces at shops.

Inventory:

Hand Weapons
 a - a +1 long sword
 d - a +2 vorpal morningstar (weapon)
 k - a +3 spear
Missiles
 l - 46 poisoned darts (quivered)
 n - an atropa-tipped dart
 r - 3 throwing nets
Armour
 x - a +2 hat (worn)
 E - a +0 pair of boots (worn)
 L - a +0 kite shield (worn)
 N - a +0 pair of gloves (worn)
Jewellery
 b - the ring of Bobekl Ceuni {rElec rF+ rN+ Int+2}
   (You found it on level 10 of the Dungeon)

   [ring of positive energy]

   Int:       It affects your intelligence (+2).
   rF:        It protects you from fire.
   rElec:     It insulates you from electricity.
   rN:        It protects you from negative energy.
 e - a +4 ring of protection (left hand)
 f - an amulet of the acrobat
 h - an amulet of regeneration
 m - a ring of flight
 o - a ring of positive energy (right hand)
 s - a +6 ring of intelligence
 w - an amulet of faith (around neck)
 D - a +6 ring of strength
 J - a +6 ring of dexterity
Wands
 I - a wand of iceblast (2)
 M - a wand of acid (1)
Scrolls
 i - a scroll of magic mapping
 p - 2 scrolls of enchant weapon
 u - 3 scrolls of identify
 y - a scroll of fog
 A - a scroll of enchant armour
 G - a scroll of amnesia
Potions
 c - a potion of might
 g - 2 potions of flight
 t - 2 potions of mutation
 v - 2 potions of lignification
 C - 2 potions of haste
 H - a potion of magic


   Skills:
 + Level 6.6 Fighting
 + Level 3.7 Long Blades
 + Level 8.5 Maces & Flails
 + Level 5.0 Polearms
 + Level 9.4 Throwing
 + Level 6.3 Dodging
 + Level 3.0 Stealth
 * Level 8.8 Shields
 * Level 3.3 Invocations
 + Level 0.2 Evocations


You had 10 spell levels left.
You didn't know any spells.
Your spell library contained the following spells:

 Spells                   Type           Power      Damage    Failure   Level
 Ensorcelled Hibernation  Hex/Ice        0%         N/A       82%         2
 Confusing Touch          Hex            0%         N/A       96%         3
 Spider Form              Tmut/Pois      0%         N/A       96%         3
 Yara's Violent Unravell  Hex/Tmut       0%         3d3       100%        5
 Enfeeble                 Hex            0%         N/A       100%        7


Dungeon Overview and Level Annotations

Branches:
Dungeon (11/15)            Temple (1/1) D:6            Lair (0/6) D:8
    Orc: D:9-12

Altars:
Ashenzari
Cheibriados
Dithmenos
Elyvilon
Fedhas
Gozag
Hepliaklqana
Kikubaaqudgha
Makhleb
Nemelex Xobeh
Okawaru
Qazlal
Ru
Sif Muna
Trog
Uskayaw
Vehumet
Wu Jian
Xom
Yredelemnul
Zin
The Shining One

Shops:
D:2 *   D:10 *

Annotations:
D:11 Erolcha


Innate Abilities, Weirdness & Mutations

You can breathe waves of freezing cold which knock back foes.
Your icy white scales are hard. (AC +7)
You cannot fit into any form of body armour.
Your flesh is cold resistant. (rC+)
You are cold-blooded and may be slowed by cold attacks.
Your tail ends in a venomous barb.
You are clumsy. (Dex -2)
You are somewhat resistant to further mutation.
Your system is resistant to poisons. (rPois)


Message History

The ancient zyme hits you but does no damage.
You block the ancient zyme's attack. The great orb of eyes gazes at you.
You feel your power leaking away.
You sock the great orb of eyes!
The great orb of eyes is heavily wounded.
The ancient zyme hits you but does no damage.
The ancient zyme barely misses you.
You feel ill.
The great orb of eyes barely misses you.
The ancient zyme closely misses you. x2
The great orb of eyes gazes at you.
You feel your power leaking away.
You puncture the great orb of eyes!
The great orb of eyes is severely wounded.
The ancient zyme hits you!
* * * LOW HITPOINT WARNING * * *
You block the ancient zyme's attack. The great orb of eyes bites you!
* * * LOW HITPOINT WARNING * * *
You hit the great orb of eyes but do no damage.
The great orb of eyes is severely wounded.
The great orb of eyes completely misses you.
You block the ancient zyme's attack. The ancient zyme misses you.
Okay, then.
You hit the ancient zyme but do no damage.
You tail-slap the ancient zyme, but do no damage.
The ancient zyme barely misses you. The ancient zyme hits you!
* * * LOW HITPOINT WARNING * * *
You feel ill.
The great orb of eyes bites you but does no damage.
You completely miss the great orb of eyes.
The great orb of eyes is heavily wounded.
You block the ancient zyme's attack.
The ancient zyme hits you but does no damage.
You feel ill.
You block the great orb of eyes's attack.
You puncture the great orb of eyes!
The great orb of eyes is almost dead.
The ancient zyme completely misses you. The ancient zyme closely misses you.
You feel ill. The great orb of eyes bites you.
You die...

# ## #. . #
#.. # . . ##
#.. .# . . .
....#..
########....#
##
#...G@x.......
#.######....#
# ° § .. ..#.#
#°☼ # #.# #
D○☼§ . # .○ ☼
### #


You could see a great orb of eyes and an ancient zyme.

Vanquished Creatures
  A two-headed ogre (D:10)
  A swamp dragon (Abyss:4)
  An ugly thing (D:7)
  A worldbinder (Abyss:4)
  A manticore (D:7)
  Maggie (D:6)
  Prince Ribbit (D:5)
  A hornet (D:7)
  A vampire (D:10)
  18 yaks (D:10)
  A wyvern (D:9)
  A large abomination (Abyss:4)
  3 steam dragons
  A water moccasin (D:7)
  2 ice beasts (D:7)
  3 orc warriors
  2 sky beasts
  2 necrophages
  7 centaurs
  An ogre (D:9)
  A phantom (D:6)
  4 kobold brigands
  Blork the orc (D:5)
  4 bullfrogs
  4 gnoll sergeants
  A wyvern zombie (D:8)
  2 scorpions (D:5)
  2 water moccasin skeletons (D:6)
  5 wights (D:10)
  4 killer bees (D:8)
  3 howler monkeys
  A bullfrog zombie (D:7)
  5 centaur zombies
  A centaur skeleton (D:4)
  A hound (D:4)
  A jelly (D:7)
  4 orc priests
  Natasha (D:3)
  Ijyb (D:5)
  7 orc wizards
  A killer bee zombie (D:9)
  A hound skeleton (D:4)
  A hound zombie (D:3)
  Robin (D:2)
  A howler monkey zombie (D:9)
  7 adders
  21 gnolls
  A shadow imp (D:3)
  4 worms
  4 dart slugs
  18 orcs
  A ball python (D:2)
  8 endoplasms
  A giant cockroach (D:2)
  15 goblins
  12 hobgoblins
  11 jackals
  6 quokkas
  4 bats
  3 frilled lizards (D:1)
  28 kobolds
  5 rats
257 creatures vanquished.

Vanquished Creatures (others)
  A fire bat (Abyss:4)
  A lurking horror (Abyss:4)
  4 plants (D:2)
6 creatures vanquished.

Grand Total: 263 creatures vanquished

Notes
Turn   | Place    | Note
-------+----------+-------------------------------------------
     0 | D:1      | Lekart the Draconian Fighter began the quest for the Orb.
     0 | D:1      | Reached XP level 1. HP: 19/19 MP: 1/1
   151 | D:1      | Reached XP level 2. HP: 15/26 MP: 2/2
   724 | D:1      | Reached XP level 3. HP: 30/31 MP: 3/3
  1436 | D:2      | Found Paiwuw's Assorted Antiques.
  1446 | D:2      | Bought a scroll labelled ZEGIV VEMI for 27 gold pieces
  1598 | D:2      | Noticed Robin
  1626 | D:2      | Reached XP level 4. HP: 32/38 MP: 4/4
  1644 | D:2      | Killed Robin
  2145 | D:2      | Found a faded altar of an unknown god.
  2855 | D:3      | Noticed a sky beast
  2882 | D:3      | Killed a sky beast
  2883 | D:3      | Reached skill level 1 in Throwing
  2883 | D:3      | Reached skill level 1 in Stealth
  2883 | D:3      | Reached XP level 5. HP: 39/46 MP: 5/5
  2950 | D:3      | Noticed Natasha
  2963 | D:3      | Killed Natasha
  3253 | D:3      | Reached XP level 6. HP: 52/52 MP: 6/6
  3365 | D:3      | Reached skill level 2 in Throwing
  3616 | D:4      | Reached skill level 1 in Polearms
  3799 | D:4      | Your scales start taking on an icy white colour.
  3799 | D:4      | Reached XP level 7. HP: 59/59 MP: 7/7
  3799 | D:4      | Gained mutation: Your flesh is cold resistant. (rC+) [White
                  | Draconian growth]
  4421 | D:5      | Entered Level 5 of the Dungeon
  4485 | D:5      | Noticed Blork the orc
  4498 | D:5      | Killed Blork the orc
  4499 | D:5      | Reached skill level 3 in Throwing
  4668 | D:5      | Noticed Ijyb
  4684 | D:5      | Killed Ijyb
  4685 | D:5      | Reached skill level 5 in Shields
  4859 | D:5      | Noticed Prince Ribbit
  4886 | D:5      | Killed Prince Ribbit
  4887 | D:5      | Reached XP level 8. HP: 55/67 MP: 8/8
  5346 | D:6      | Reached skill level 4 in Throwing
  5660 | D:6      | Found a staircase to the Ecumenical Temple.
  5666 | Temple   | Entered the Ecumenical Temple
  6060 | Temple   | Became a worshipper of Makhleb the Destroyer
  6075 | Temple   | Identified a scroll of acquirement
  6075 | Temple   | Acquired a manual of Throwing
  6132 | D:6      | Noticed Maggie
  6156 | D:6      | Reached skill level 5 in Throwing
  6168 | D:6      | Killed Maggie
  6583 | D:6      | Reached skill level 6 in Throwing
  6583 | D:6      | Reached skill level 5 in Dodging
  6583 | D:6      | Reached XP level 9. HP: 57/73 MP: 9/9
  6601 | D:6      | Reached skill level 5 in Polearms
  6908 | D:6      | Found a sparkling altar of Nemelex Xobeh.
  7309 | D:6      | Reached skill level 1 in Maces & Flails
  7481 | D:7      | Reached skill level 5 in Fighting
  7502 | D:7      | Gained mutation: Potions are less effective at restoring
                  | your health. [potion of mutation]
  7502 | D:7      | Gained mutation: Your large and strong wings let you fly.
                  | [potion of mutation]
  7502 | D:7      | Gained mutation: Your system is resistant to poisons.
                  | (rPois) [potion of mutation]
  7503 | D:7      | Lost mutation: Your large and strong wings let you fly.
                  | [potion of mutation]
  7503 | D:7      | Lost mutation: Potions are less effective at restoring your
                  | health. [potion of mutation]
  7503 | D:7      | Gained mutation: You are clumsy. (Dex -2) [potion of
                  | mutation]
  7503 | D:7      | Gained mutation: Your tail ends in a venomous barb. [potion
                  | of mutation]
  7503 | D:7      | Gained mutation: You are somewhat resistant to further
                  | mutation. [potion of mutation]
  7775 | D:6      | Reached * piety under Makhleb
  7776 | D:6      | Reached skill level 7 in Throwing
  8314 | D:7      | Noticed a manticore
  8321 | D:7      | Killed a manticore
  8322 | D:7      | Reached skill level 5 in Maces & Flails
  8400 | D:7      | Noticed a white ugly thing
  8414 | D:7      | Killed a white ugly thing
  8415 | D:7      | Reached XP level 10. HP: 50/82 MP: 10/10
  8763 | D:8      | Found a staircase to the Lair.
  9272 | D:8      | Reached skill level 8 in Throwing
 10149 | D:9      | Reached ** piety under Makhleb
 11356 | D:10     | Entered Level 10 of the Dungeon
 11692 | D:10     | Reached skill level 9 in Throwing
 11712 | D:10     | Reached *** piety under Makhleb
 11718 | D:10     | Reached skill level 1 in Invocations
 12061 | D:10     | Found Xuolill's General Store.
 12259 | D:10     | Reached XP level 11. HP: 89/89 MP: 12/12
 12532 | D:10     | Identified the ring of Bobekl Ceuni {rElec rF+ rN+ Int+2}
 12534 | D:10     | Noticed a two-headed ogre
 12541 | D:10     | Killed a two-headed ogre
 12721 | D:10     | Reached **** piety under Makhleb
 12964 | D:11     | Noticed Erolcha
 12995 | D:11     | Cast into level 2 of the Abyss (Erolcha)
 13052 | Abyss:2  | Noticed a rakshasa
 13055 | Abyss:2  | Noticed a necromancer
 13084 | Abyss:2  | Noticed a soul eater
 13175 | Abyss:4  | Noticed a rakshasa
 13175 | Abyss:4  | Noticed a rakshasa
 13205 | Abyss:4  | Noticed a large abomination
 13232 | Abyss:4  | Noticed a tentacled starspawn
 13272 | Abyss:4  | Noticed a swamp dragon
 13290 | Abyss:4  | Killed a swamp dragon
 13290 | Abyss:4  | Noticed a wolf spider
 13290 | Abyss:4  | Noticed a wolf spider
 13293 | Abyss:4  | Noticed a great orb of eyes
 13298 | Abyss:4  | Noticed a wolf spider
 13299 | Abyss:4  | Noticed a wolf spider
 13307 | Abyss:4  | HP: 4/91 [ancient zyme (7)]
 13309 | Abyss:4  | Slain by a great orb of eyes

Illustrated notes

Levels and vault maps discovered:
D:1:      amcnicky_arrival_gap_in_the_tavern_cellar, layout_basic
D:2:      layout_basic, serial_bayou, serial_bayou_pond_e, serial_bayou_pond_b,
          serial_bayou_lagoon_a, serial_bayou_pond_d, serial_bayou_shore_b,
          hellmonk_ecumenical_altar_leap_of_faith, serial_shops, shop,
          uniq_robin
D:3:      layout_basic, uniq_natasha
D:4:      layout_gridville, nicolae_figureground_pulse
D:5:      layout_rooms, uniq_prince_ribbit1, uniq_ijyb, uniq_blork_the_orc
D:6:      layout_loops_ring, nemelex_diamond_rough_becter,
          minmay_temple_entry_enclosed_plants, uniq_maggie
D:7:      layout_basic
D:8:      layout_basic, lair_entry_dummy
D:9:      layout_long_grid, grunt_ministairs_3, serial_park_tiny_pond,
          grunt_ogre_cave, st_stairs_1
D:10:     layout_loops_ring, serial_shops, shop, minmay_quadrilaterals
D:11:     layout_long_grid, minmay_orc_entry_temple_small, uniq_erolcha,
          uniq_harold
Temple:   mainiacjoe_temple_circle_huts
Abyss:4:  base: D:10, base: D:7, evilmike_abyss_exit_vortex,
          hangedman_abyss_batty_box, due_evilmike_abyss_rune_seething_liches,
          evilmike_nicolae_abyss_rune_containment_curve,
          doesnt_abyss_rune_brain_food, nicolae_abyss_rune_left_handed

Skill      XL: |  1  2  3  4  5  6  7  8  9 10 11 |
---------------+----------------------------------+-----
Dodging        | 3 4 5 6 |  6.3
Long Blades    | 3 |  3.7
Throwing       | 1 2 3 6 7 9 |  9.4
Stealth        | 1 2 3 |  3.0
Shields        | 4 5 6 7 8 |  8.8
Polearms       | 2 3 4 5 |  5.0
Fighting       | 4 5 6 |  6.6
Maces & Flails | 5 7 8 |  8.5
Invocations    | 1 3 |  3.3
Evocations     | |  0.2

Action                   |  1- 3 |  4- 6 |  7- 9 | 10-12 || total
-------------------------+-------+-------+-------+-------++-------
Melee: Long sword        |   134 |    34 |       |       ||   168
       Tailslap          |    14 |    17 |    40 |    50 ||   121
       Spear             |       |   123 |   172 |       ||   295
       Morningstar       |       |       |   126 |   329 ||   455
Throw: Dart              |       |    62 |   152 |   104 ||   318
 Abil: Breathe Frost     |       |       |     5 |     6 ||    11
Evoke: Wand              |       |       |       |     6 ||     6
  Use: Potion            |     2 |     3 |     3 |     3 ||    11
       Scroll            |     2 |       |     6 |    14 ||    22
 Stab: Sleeping          |     1 |     1 |       |     2 ||     4
       Invisible         |       |     1 |     2 |       ||     3
Armor: Skin              |    60 |    71 |   117 |   159 ||   407
Dodge: Dodged            |   119 |    94 |   198 |   253 ||   664
Block: Buckler           |    39 |    32 |    85 |   106 ||   262
       Kite shield       |       |       |       |    56 ||    56

Table legend: (Time is in decaauts)
 A = Elapsed time spent in this place.
 B = Non-inter-level travel time spent in this place.
 C = Inter-level travel time spent in this place.
 D = Time resting spent in this place.
 E = Time spent auto-exploring this place.
 F = Levels seen in this place.
 G = Mean time per level.
                   A        B        C        D        E       F      G
               +--------+--------+--------+--------+--------+-----+--------+
         Total |  13415 |  12971 |    444 |   2756 |   7297 |  15 |  894.3 |
       Dungeon |  12658 |  12234 |    424 |   2695 |   7004 |  11 | 1150.7 |
        Temple |    430 |    410 |     20 |      0 |    293 |   1 |  430.0 |
         Abyss |    326 |    326 |      0 |     61 |      0 |   3 |  108.7 |
               +--------+--------+--------+--------+--------+-----+--------+

Top non-repeatable levels by time:
     D:6: 1933 daAuts
    D:10: 1584 daAuts
     D:9: 1375 daAuts
     D:2: 1263 daAuts
     D:3: 1255 daAuts
     D:8: 1215 daAuts
     D:1: 1152 daAuts
     D:7: 1064 daAuts
     D:5: 925 daAuts
     D:4: 816 daAuts
  Temple: 430 daAuts
 Abyss:4: 174 daAuts
 Abyss:2: 119 daAuts
    D:11: 72 daAuts
 Abyss:3: 32 daAuts
